AoeStats
← KK

Arabia

508598907Analyzed
1v1 RM · 10d ago on Sep 23, 2026· 37m 27s· 2 players
Game mode
Random Map
Map size
Tiny (2 player)
Population
200
Speed
Normal
Resources
Standard
Victory
Conquest
Starting age
Dark Age
Ending age
Imperial Age
RankedLock teamsTeams togetherTeam positionsShared explorationLock speedFull tech treeHidden civsTurbo modeCheats
Victory
Defeat
🇨🇳 Mapuche · China
1680
+13
🇹🇼 Varangians · Taiwan
1611
-13
午安小丑
6:08 Loom
8:55 Feudal Age
9:29 Double-Bit Axe
19:22 Castle Age
17:39 Horse Collar
17:52 Fletching
18:52 Bloodlines
18:50 Town Watch
19:21 Padded Archer Armor
20:02 Bodkin Arrow
21:34 Wheelbarrow
21:46 Husbandry
23:36 Bow Saw
26:44 Leather Archer Armor
26:39 Gold Mining
27:25 Ballistics
29:32 Elite Skirmisher
36:48 Imperial Age
34:41 Heavy Plow
35:40 Stone Mining
KK
6:24 Loom
8:57 Feudal Age
9:03 Champi Runner
9:38 Double-Bit Axe
9:35 Horse Collar
19:04 Castle Age
17:54 Gold Mining
18:48 Fletching
20:02 Bow Saw
19:50 Bodkin Arrow
21:24 Padded Archer Armor
22:09 Wheelbarrow
25:22 Leather Archer Armor
26:56 Ballistics
27:27 Town Watch
29:37 Hand Cart
32:55 Gold Shaft Mining
32:21 Heavy Plow
32:12 Stone Mining
34:03 Scale Mail Armor
34:14 Forging
33:48 Champi Warrior
34:14 Arson
35:04 Chain Mail Armor
37:16 Iron Casting
Connection lost

Rejoining the realm…

Still unreachable

The connection could not be restored.

Session expired

The server has moved on; the page needs a fresh start.